 Dungeon Crawl Stone Soup version 0.18.1-50-g88ac8fd (webtiles) character file.

790 Freud the Chucker (level 7, -10/70 HPs)
             Began as an Ogre Wizard on Oct 16, 2016.
             Killed by divine providence
             ... invoked by an orc priest
              (17 damage)
             ... on level 5 of the Dungeon.
             The game lasted 01:49:51 (7201 turns).

Freud the Chucker (Ogre Wizard)                     Turns: 7201, Time: 01:49:52

Health: -10/70     AC:  4    Str: 15    XL:     7   Next: 87%
Magic:  10/13      EV:  9    Int: 17    God:
Gold:   216        SH:  2    Dex:  8    Spells: 4 memorised, 6 levels left

rFire  . . .     SeeInvis .     H - -1 whip (curse)
rCold  . . .     Gourm    .     x - +0 robe
rNeg   . . .     Faith    .     (no shield)
rPois  .         Spirit   .     c - +0 hat
rElec  .         Dismiss  .     s - +0 cloak
rCorr  .         Reflect  +     (gloves unavailable)
SustAt .         Harm     .     (boots unavailable)
MR     .....                    o - +2 amulet of reflection
Stlth  +.........               (no ring)
                                (no ring)

@: not resistant to hostile enchantments, very unstealthy
A: unfitting armour, tough skin 1
a: no special abilities


You were on level 5 of the Dungeon.
You were not hungry.

You visited 1 branch of the dungeon, and saw 5 of its levels.

You collected 216 gold pieces.

Inventory:

Hand Weapons
 a - a +0 whip
 b - a +0 blowgun
 n - a +4 quarterstaff of chaos
 A - a +0 flail
 H - a cursed -1 whip (weapon)
Missiles
 e - 2 tomahawks
 q - 35 stones
 v - 37 poisoned needles
 w - 5 large rocks (quivered)
Armour
 c - a +0 hat (worn)
 s - a +0 cloak (worn)
 x - a +0 robe (worn)
Jewellery
 o - a +2 amulet of reflection (around neck)
 t - an uncursed ring of ice
 D - an uncursed amulet of the gourmand
Wands
 h - a wand of slowing (14/48)
Scrolls
 i - 2 scrolls of teleportation
 k - 2 scrolls of fog {unknown}
 m - 3 scrolls of blinking {unknown}
 u - a scroll of enchant armour {unknown}
 y - 2 scrolls of random uselessness {unknown}
 z - 3 scrolls of immolation {unknown}
Potions
 j - a potion of flight
 l - a potion of brilliance {unknown}
 p - a potion of haste {unknown}
 E - a potion of agility
 F - a potion of lignification {unknown}
 G - a potion of berserk rage {unknown}
Books
 C - a book of Minor Magic

   Spells                             Type                      Level
   a - Magic Dart                     Conjuration                  1
   b - Blink                          Translocation                2
   c - Call Imp                       Summoning                    2
   d - Repel Missiles                 Charms/Air                   2
   e - Slow                           Hexes                        2
   f - Conjure Flame                  Conjuration/Fire             3
   g - Mephitic Cloud                 Conjuration/Poison/Air       3
Comestibles
 d - 3 bread rations
 f - a royal jelly
 g - 3 meat rations
 r - 2 chunks of flesh


   Skills:
 - Level 4.0 Fighting
 - Level 4.1 Maces & Flails
 * Level 5.8 Throwing
 - Level 0.4 Armour
 - Level 1.7 Dodging
 - Level 1.5 Stealth
 - Level 4.0 Spellcasting
 - Level 1.0 Conjurations
   Level 0.6 Summonings
 - Level 1.1 Translocations
 - Level 1.0 Air Magic
 - Level 1.0 Poison Magic


You had 6 spell levels left.
You knew the following spells:

 Your Spells              Type           Power        Failure   Level  Hunger
a - Magic Dart            Conj           #...         12%         1    None
b - Blink                 Tloc           N/A          17%         2    ##.....
c - Repel Missiles        Chrm/Air       #.....       21%         2    ##.....
s - Mephitic Cloud        Conj/Pois/Air  #.......     30%         3    ###....


Dungeon Overview and Level Annotations

Branches:
Dungeon (5/15)
 Temple: D:4-7

Altars:
Ashenzari
Sif Muna
Vehumet
Yredelemnul
The Shining One

Annotations:
D:4 Grinder


Innate Abilities, Weirdness & Mutations

You are too large for most types of armour.
You have tough skin (AC +1).


Message History

Eat which item? (? for menu, Esc to quit)
Okay, then.
You start resting.
Casting: Mephitic Cloud
Confirm with . or Enter, or press ? or * to list all spells.
Aiming: Mephitic Cloud
Press: ? - help, Shift-Dir - straight line, f/p - orc priest
Aim: an orc priest, wielding a flail and wearing a plate armour (heavily wounded)
The ball explodes into a vile cloud!
The stinking cloud engulfs the orc priest.
The orc priest is heavily wounded.
Something shouts, "Slither away, thou obnoxious toenail-biting dandiprat!"
The orc priest is engulfed in noxious fumes.
The orc priest invokes the aid of Beogh against you.
Pain shoots through your body!
* * * LOW HITPOINT WARNING * * *
The orc priest is engulfed in noxious fumes.
The orc priest calls down the wrath of Beogh upon you.
Beogh smites you!
You die...

#.#.#
###.....#####....# #.
#.#.# #.......# #....#
#. #...#
#.....#.###)...######.
#####
##>..).......[........
#.##################.
#.# ## #.# #
#.###################
#ยงยง.@...............'
#o#####...###########
#.# #...# # #.# #...# #
#.######### # #.....# #
#.....# # #.....#
#.....#


You could see an orc priest.

Vanquished Creatures
  A phantom (D:5)
  A centaur (D:5)
  A crimson imp (D:5)
  A hound (D:5)
  2 orc priests (D:5)
  A jelly (D:5)
  Crazy Yiuf (D:3)
  A giant frog skeleton (D:5)
  4 orc wizards
  Natasha (twice) (D:4)
  2 worker ants
  2 worker ant zombies (D:5)
  6 adders
  2 worms (D:2)
  3 dart slugs
  5 giant geckos
  19 orcs
  3 ball pythons
  13 bats
  2 giant cockroaches
  7 goblins
  9 hobgoblins
  5 jackals
  4 quokkas
  6 giant newts
  8 kobolds
  A quokka skeleton (D:5)
  8 rats
120 creatures vanquished.

Notes
Turn   | Place    | Note
--------------------------------------------------------------
     0 | D:1      | Freud the Ogre Wizard began the quest for the Orb.
     0 | D:1      | Reached XP level 1. HP: 16/16 MP: 5/5
    22 | D:1      | Reached skill level 1 in Fighting
   266 | D:1      | Reached XP level 2. HP: 16/28 MP: 1/6
   362 | D:1      | Learned a level 2 spell: Blink
   365 | D:1      | Learned a level 2 spell: Repel Missiles
   532 | D:1      | HP: 1/29 [hobgoblin (5)]
   789 | D:1      | Reached XP level 3. HP: 32/37 MP: 0/8
  1201 | D:2      | Reached skill level 1 in Maces & Flails
  2039 | D:2      | Reached skill level 1 in Throwing
  2039 | D:2      | Reached XP level 4. HP: 44/48 MP: 9/9
  2472 | D:3      | Reached skill level 2 in Throwing
  2631 | D:3      | Found a radiant altar of Vehumet.
  2669 | D:3      | Reached XP level 5. HP: 48/54 MP: 5/10
  2950 | D:3      | Found a deep blue altar of Sif Muna.
  3322 | D:3      | Reached skill level 3 in Throwing
  3857 | D:3      | Noticed Crazy Yiuf
  3896 | D:3      | Killed Crazy Yiuf
  3896 | D:3      | Reached XP level 6. HP: 12/62 MP: 4/11
  4025 | D:4      | Found a shattered altar of Ashenzari.
  4397 | D:4      | Noticed Natasha
  4409 | D:4      | Learned a level 3 spell: Mephitic Cloud
  4443 | D:4      | Killed Natasha
  4487 | D:4      | Found a glowing golden altar of the Shining One.
  4493 | D:4      | Found a basalt altar of Yredelemnul.
  4547 | D:4      | Found a shattered altar of Ashenzari.
  4872 | D:4      | Noticed Grinder
  4954 | D:4      | Noticed Natasha
  4969 | D:4      | Killed Natasha
  5205 | D:5      | Entered Level 5 of the Dungeon
  5234 | D:5      | Reached skill level 1 in Conjurations
  5415 | D:5      | Reached skill level 4 in Throwing
  5647 | D:5      | Reached XP level 7. HP: 56/70 MP: 3/12
  5758 | D:5      | Reached skill level 1 in Air Magic
  5758 | D:5      | Reached skill level 1 in Poison Magic
  5976 | D:5      | Reached skill level 1 in Translocations
  6685 | D:5      | Reached skill level 5 in Throwing
  7201 | D:5      | Killed from afar by an orc priest

Skill      XL: |  1  2  3  4  5  6  7 |
---------------+----------------------+-----
Fighting       | 2 3 4 |  4.0
Maces & Flails | 1 2 3 4 |  4.1
Throwing       | 1 2 3 4 5 |  5.8
Conjurations   | 1 |  1.0
Air Magic      | 1 |  1.0
Poison Magic   | 1 |  1.0
Translocations | 1 |  1.1
Spellcasting   | 4 |  4.0
Armour         | |  0.4
Dodging        | |  1.7
Stealth        | |  1.5
Summonings     | |  0.6

Action                   |  1- 3 |  4- 6 |  7- 9 || total
-------------------------+-------+-------+-------++-------
Melee: Unarmed           |    52 |       |       ||    52
       Dagger            |    12 |       |       ||    12
       Club              |    96 |    29 |       ||   125
       Flail             |       |    25 |       ||    25
       Whip              |       |    32 |   134 ||   166
 Fire: Blowgun           |       |    57 |       ||    57
Throw: Large rock        |     6 |     9 |    11 ||    26
       Stone             |     6 |    18 |     2 ||    26
       Tomahawk          |       |       |     4 ||     4
 Cast: Magic Dart        |    98 |   114 |    19 ||   231
       Blink             |       |     2 |     2 ||     4
       Mephitic Cloud    |       |     1 |    12 ||    13
  Use: Scroll            |     3 |     4 |     1 ||     8
       Potion            |       |     1 |     2 ||     3
 Stab: Sleeping          |     1 |       |       ||     1
       Confused          |       |     1 |     6 ||     7
  Eat: Chunk             |     4 |    11 |     2 ||    17
       Royal jelly       |       |       |     2 ||     2
Armor: Robe              |    50 |    22 |    19 ||    91
Dodge: Dodged            |    97 |    59 |    60 ||   216
Block: Other             |     3 |     9 |     4 ||    16
